Pirates vs Moose

Created - Wednesday, January 27, 2016 at 12:23

Goals
1 2 3 T
Pirates 0 2 0 2
Moose 0 0 1 1
Shots
1 2 3 T
Pirates 5 11 2 18
Moose 7 5 6 18

1st period

No Goal

Penalties :
Brady Austin (MAN) for Roughing (Minor) at 4:03, Rasmus Rissanen (MAN) for Holding (Minor) at 12:43

2nd period

1. Pirates , Anthony Duclair 6 (Calle Jarnkrok, Daniel Carcillo) at 7:18
2. Pirates , Anthony Duclair 7 (Kerby Rychel, Will O'Neill) at 19:45 (PP)

Penalties :
Michael Schumacher (MAN) for Fighting (Major) at 4:21, Steve Spinell (POR) for Fighting (Major) at 4:21, Michael Schumacher (MAN) for instigated a fight (Minor) at 4:21, Michael Schumacher (MAN) for instigated a fight (10 Minutes Misconduct) at 4:21, Brady Austin (MAN) for Fighting (Major) at 12:01, Henrik Samuelsson (POR) for Fighting (Major) at 12:01, Ryan Hartman (MAN) for Roughing (Minor) at 19:07

3rd period

3. Moose , Garret Ross 3 (Cedric Paquette) at 15:43 (SH)

Penalties :
C.J. Ludwig (POR) for Slashing (Minor) at 5:38, Ryan Hartman (MAN) for Hooking (Minor) at 7:50, Scott Mayfield (MAN) for High sticking (Minor) at 12:11, Greg McKegg (MAN) for Hooking (Minor) at 15:29, Garret Ross (MAN) for Boarding (Minor) at 18:07

Goalie Stats

Matt Hackett (POR), 17 saves from 18 shots - (0.944), W, 16-17-14, 60:00 minutes
Sam Brittain (MAN), 16 saves from 18 shots - (0.889), L, 19-9-9, 60:00 minutes

Players Stats for Pirates

Player Name              G  A  P  +/- PIM S  H  SB GA TA FO     MP     PP MP  PK MP  
------------------------------------------------------------------------------------
Andrey Pedan             0  0  0   0  0   0  0  0  0  0  0/0     4:58   1:12   0:00 
Anthony Duclair          2  0  2   0  0   3  1  0  5  2  1/8    23:21   8:19   0:08 
C.J. Ludwig              0  0  0   0  2   0  1  0  0  1  0/0     8:56   0:43   0:00 
Calle Jarnkrok           0  1  1   0  0   2  0  1  4  4  1/2    23:14   7:11   0:08 
Daniel Carcillo          0  1  1   1  0   3  1  0  3  2  6/11   22:26   6:59   0:35 
Danny Kristo             0  0  0   0  0   3  1  0  2  0  1/4    22:27   4:54   0:00 
Henrik Samuelsson        0  0  0   0  5   1  0  0  0  0  0/2     7:28   0:22   1:13 
Johan Sundstrom          0  0  0  -1  0   0  1  0  0  0  2/5    20:25   7:42   1:16 
John Persson             0  0  0   0  0   0  0  0  0  0  0/0     0:02   0:00   0:00 
Keith Aulie              0  0  0   0  0   0  9  0  0  1  0/0    29:06   7:42   1:19 
Kerby Rychel             0  1  1   0  0   0  0  0  2  0  0/0     7:35   0:36   0:00 
Martin Frk               0  0  0   0  0   1  0  0  1  0  0/1    11:52   0:00   0:00 
Matt Puempel             0  0  0   0  0   3  2  1  5  1  1/1    20:53   5:43   0:38 
Reid McNeill             0  0  0   0  0   0  1  0  0  0  0/0    23:06   8:30   0:40 
Sebastian Collberg       0  0  0   0  0   0  0  0  0  0  0/0     0:24   0:00   0:00 
Steve Spinell            0  0  0   0  5   0  1  1  0  1  0/0    23:42   3:59   1:19 
Will O'Neill             0  1  1   0  0   1  3  0  2  0  0/0    29:31   5:59   0:40 
Zack Stortini            0  0  0   0  0   1  1  1  0  0  3/9    18:27   2:09   0:00 

Players Stats for Moose

Player Name              G  A  P  +/- PIM S  H  SB GA TA FO     MP     PP MP  PK MP  
------------------------------------------------------------------------------------
Brady Austin             0  0  0   0  7   2  0  2  0  0  0/0    20:01   1:13   5:52 
Cedric Paquette          0  1  1   0  0   1  3  2  3  1  12/19  23:56   0:52   7:48 
Colin Smith              0  0  0  -1  0   4  1  0  3  0  4/6    21:53   0:47   3:00 
Corey Cowick             0  0  0   0  0   0  1  0  0  0  0/0     6:10   0:00   2:38 
Daniil Tarasov           0  0  0   0  0   0  1  2  3  0  0/0    16:05   0:46   0:00 
Dylan Blujus             0  0  0  -1  0   0  0  1  0  0  0/0    15:23   0:00   2:14 
Garret Ross              1  0  1   1  2   1  0  0  1  1  0/0    22:49   0:46   7:09 
Greg McKegg              0  0  0   0  2   4  4  0  3  0  4/7    20:16   0:46   3:01 
Joel Edmundson           0  0  0   1  0   1  2  1  0  3  0/0    22:26   0:46   8:03 
Michael Schumacher       0  0  0   0  17  0  1  0  0  0  1/1     6:41   0:00   0:00 
Oscar Klefbom            0  0  0  -1  0   2  0  0  2  0  0/0    11:43   0:00   0:00 
Rasmus Rissanen          0  0  0   1  2   0  1  3  0  3  0/0    26:23   0:46   7:34 
Rob Flick                0  0  0   0  0   0  3  0  0  0  5/6    11:18   0:00   1:29 
Ryan Hartman             0  0  0   0  4   0  1  0  0  0  0/1     4:00   0:26   0:00 
Ryan Malone              0  0  0   0  0   2  2  1  2  1  1/1    20:24   0:47   3:43 
Ryan Rupert              0  0  0  -1  0   0  0  0  0  0  1/2    10:39   0:47   0:00 
Scott Mayfield           0  0  0   0  2   1  0  0  1  2  0/0    20:18   1:13   4:43 
Thomas Larkin            0  0  0   0  0   0  0  0  0  0  0/0     4:57   0:00   0:22 

3 Stars

1 - Anthony Duclair (POR)
2 - Matt Hackett (POR)
3 - Keith Aulie (POR)

Power Play

Pirates - 1 on 8 Attempt(s) - 12.50%
Moose - 0 on 1 Attempt(s) - 0.00%

Penalty Kill

Pirates - 1 on 1 Attempt(s) - 100.00% - Score 0 goal in Penalty Kill
Moose - 7 on 8 Attempt(s) - 87.50% - Score 1 goal in Penalty Kill

Team Stat

Pirates - Hits : 22 - Faceoff Wins : 15 - Blocked Shots : 4 - Penalty Minutes : 12
Moose - Hits : 20 - Faceoff Wins : 28 - Blocked Shots : 12 - Penalty Minutes : 36

Official

Referees : Unknown
Linesman : Unknown

Game Notes

Andrey Pedan is injured at 11:10 of 1st period (Chest/Ribs)
Michael Schumacher and Steve Spinell fight to a draw at 4:21 of 2nd period
Brady Austin beats up Henrik Samuelsson at 12:01 of 2nd period

Finance

Level 1 -- Attendance: 1362 (68.10%) -- Ticket Income $40,860
Level 2 -- Attendance: 773 (77.30%) -- Ticket Income $10,049
Total Attendance: 2135 (71.17%)
Total Ticket Income: $50,909
Other Income: $24,945
Total Income: $75,854

Pirates

5 vs 5 Forward 
   Center                   Left Wing                Right Wing               Time % Phy DF OF 
 1 Daniel Carcillo          Anthony Duclair          Calle Jarnkrok           35     1   2  2  
 2 Zack Stortini            Matt Puempel             Danny Kristo             30     1   2  2  
 3 Johan Sundstrom          Danny Kristo             Calle Jarnkrok           22     1   2  2  
 4 Danny Kristo             Calle Jarnkrok           Martin Frk               13     1   2  2  

5 vs 5 Defense 
   Defense                  Defense                                           Time % Phy DF OF 
 1 Steve Spinell            Keith Aulie                                       35     1   2  2  
 2 Will O'Neill             Andrey Pedan                                      30     1   2  2  
 3 Keith Aulie              Will O'Neill                                      22     1   2  2  
 4 Keith Aulie              Will O'Neill                                      13     1   2  2  

PowerPlay Forward 
   Center                   Left Wing                Right Wing               Time % Phy DF OF 
 1 Anthony Duclair          Johan Sundstrom          Calle Jarnkrok           60     1   2  2  
 2 Daniel Carcillo          Matt Puempel             Danny Kristo             40     1   2  2  

PowerPlay Defense
   Defense                  Defense                                           Time % Phy DF OF 
 1 Andrey Pedan             Keith Aulie                                       60     1   2  2  
 2 Steve Spinell            Will O'Neill                                      40     1   2  2  

Penalty Kill 4 Players Forward 
   Center                   Wing                     Time % Phy DF OF 
 1 Matt Puempel             Johan Sundstrom          60     1   2  2  
 2 Calle Jarnkrok           Danny Kristo             40     1   2  2  

Penalty Kill 4 Players Defense
   Defense                  Defense                  Time % Phy DF OF 
 1 Steve Spinell            Keith Aulie              60     1   2  2  
 2 Will O'Neill             Andrey Pedan             40     1   2  2  

Penalty Kill - 3 Players Forward 
   Forward                                           Time % Phy DF OF 
 1 Calle Jarnkrok                                    60     1   2  2  
 2 Danny Kristo                                      40     1   2  2  

Penalty Kill - 3 Players Defense
   Defense                  Defense                  Time % Phy DF OF 
 1 Will O'Neill             Keith Aulie              60     1   2  2  
 2 Andrey Pedan             Steve Spinell            40     1   2  2  

4 vs 4 Forward 
   Center                   Wing                     Time % Phy DF OF 
 1 Johan Sundstrom          Matt Puempel             60     1   2  2  
 2 Calle Jarnkrok           Danny Kristo             40     1   2  2  

4 vs 4 Defense
   Defense                  Defense                  Time % Phy DF OF 
 1 Keith Aulie              Andrey Pedan             60     1   2  2  
 2 Steve Spinell            Will O'Neill             40     1   2  2  

Last Minutes Offensive
   Center                   Left Wing                Right Wing               Defense                  Defense                  
   Matt Puempel             Danny Kristo             Calle Jarnkrok           Will O'Neill             Keith Aulie              

Last Minutes Defensive
   Center                   Left Wing                Right Wing               Defense                  Defense                  
   Matt Puempel             Danny Kristo             Calle Jarnkrok           Will O'Neill             Keith Aulie              

Goaltenders
Starting : Matt Hackett             
Backup : FARM GOALIE10            

Extra Forwards
Normal : Calle Jarnkrok, Danny Kristo, Johan Sundstrom - PP : Calle Jarnkrok, Danny Kristo - PK : Johan Sundstrom
Extra Defensemen
Normal : Will O'Neill, Keith Aulie, Andrey Pedan - PP : Andrey Pedan - PK : Andrey Pedan, Keith Aulie
Penalty Shots
Johan Sundstrom, Matt Puempel, Calle Jarnkrok, Danny Kristo, Daniel Carcillo

Moose

5 vs 5 Forward 
   Center                   Left Wing                Right Wing               Time % Phy DF OF 
 1 Cedric Paquette          Ryan Malone              Colin Smith              35     1   2  2  
 2 Greg McKegg              Garret Ross              Daniil Tarasov           30     1   2  2  
 3 Colin Smith              Michael Schumacher       Cedric Paquette          22     1   2  2  
 4 Rob Flick                Cedric Paquette          Ryan Malone              13     1   2  2  

5 vs 5 Defense 
   Defense                  Defense                                           Time % Phy DF OF 
 1 Rasmus Rissanen          Joel Edmundson                                    35     1   2  2  
 2 Scott Mayfield           Brady Austin                                      30     1   2  2  
 3 Oscar Klefbom            Dylan Blujus                                      22     1   2  2  
 4 Thomas Larkin            Rasmus Rissanen                                   13     1   2  2  

PowerPlay Forward 
   Center                   Left Wing                Right Wing               Time % Phy DF OF 
 1 Cedric Paquette          Ryan Malone              Colin Smith              60     1   2  2  
 2 Greg McKegg              Garret Ross              Daniil Tarasov           40     1   2  2  

PowerPlay Defense
   Defense                  Defense                                           Time % Phy DF OF 
 1 Rasmus Rissanen          Joel Edmundson                                    60     1   2  2  
 2 Scott Mayfield           Brady Austin                                      40     1   2  2  

Penalty Kill 4 Players Forward 
   Center                   Wing                     Time % Phy DF OF 
 1 Cedric Paquette          Garret Ross              60     1   2  2  
 2 Ryan Malone              Greg McKegg              40     1   2  2  

Penalty Kill 4 Players Defense
   Defense                  Defense                  Time % Phy DF OF 
 1 Rasmus Rissanen          Joel Edmundson           60     1   2  2  
 2 Scott Mayfield           Brady Austin             40     1   2  2  

Penalty Kill - 3 Players Forward 
   Forward                                           Time % Phy DF OF 
 1 Cedric Paquette                                   60     1   2  2  
 2 Ryan Malone                                       40     1   2  2  

Penalty Kill - 3 Players Defense
   Defense                  Defense                  Time % Phy DF OF 
 1 Rasmus Rissanen          Joel Edmundson           60     1   2  2  
 2 Scott Mayfield           Brady Austin             40     1   2  2  

4 vs 4 Forward 
   Center                   Wing                     Time % Phy DF OF 
 1 Cedric Paquette          Colin Smith              60     1   2  2  
 2 Ryan Malone              Greg McKegg              40     1   2  2  

4 vs 4 Defense
   Defense                  Defense                  Time % Phy DF OF 
 1 Rasmus Rissanen          Joel Edmundson           60     1   2  2  
 2 Scott Mayfield           Brady Austin             40     1   2  2  

Last Minutes Offensive
   Center                   Left Wing                Right Wing               Defense                  Defense                  
   Cedric Paquette          Ryan Malone              Greg McKegg              Rasmus Rissanen          Joel Edmundson           

Last Minutes Defensive
   Center                   Left Wing                Right Wing               Defense                  Defense                  
   Cedric Paquette          Ryan Malone              Greg McKegg              Rasmus Rissanen          Joel Edmundson           

Goaltenders
Starting : Sam Brittain             
Backup : Antoine Bibeau           

Extra Forwards
Normal : Cedric Paquette, Ryan Rupert, Colin Smith - PP : Cedric Paquette, Ryan Rupert - PK : Colin Smith
Extra Defensemen
Normal : Rasmus Rissanen, Dylan Blujus, Thomas Larkin - PP : Rasmus Rissanen - PK : Dylan Blujus, Thomas Larkin
Penalty Shots
Cedric Paquette, Colin Smith, Ryan Malone, Greg McKegg, Garret Ross

% Time on Ice - Pirates

Lines # - Real PCT - Wanted PCT - Time Play
Normal Forward
1 - 23% - 35% - 10:10
2 - 37% - 30% - 16:11
3 - 18% - 22% - 7:54
4 - 21% - 13% - 9:22
Normal Defense
1 - 32% - 35% - 13:55
2 - 57% - 30% - 24:40
3 - 11% - 22% - 4:39
4 - 1% - 13% - 0:23
PP Forward
1 - 60% - 60% - 8:41
2 - 40% - 40% - 5:43
PP Defense
1 - 71% - 60% - 10:10
2 - 29% - 40% - 4:14
PK Forward
1 - 100% - 60% - 1:59
2 - 0% - 40% - 0:00
PK Defense
1 - 66% - 60% - 1:19
2 - 34% - 40% - 0:40
PK3 Forward
1 - 0% - 60%
2 - 0% - 40%
PK3 Defense
1 - 0% - 60%
2 - 0% - 40%
44 Forward
1 - 0% - 60%
2 - 0% - 40%
44 Defense
1 - 0% - 60%
2 - 0% - 40%
Last Minute Offensive  - 0:00
Last Minute Defensive  - 0:00
Total
Forward - 60:00
Defense - 60:00

% Time on Ice - Moose

Lines # - Real PCT - Wanted PCT - Time Play
Normal Forward
1 - 17% - 35% - 7:14
2 - 38% - 30% - 16:30
3 - 25% - 22% - 11:06
4 - 20% - 13% - 8:47
Normal Defense
1 - 31% - 35% - 13:37
2 - 33% - 30% - 14:24
3 - 27% - 22% - 11:43
4 - 9% - 13% - 3:53
PP Forward
1 - 61% - 60% - 1:13
2 - 39% - 40% - 0:46
PP Defense
1 - 39% - 60% - 0:46
2 - 61% - 40% - 1:13
PK Forward
1 - 74% - 60% - 10:41
2 - 26% - 40% - 3:43
PK Defense
1 - 56% - 60% - 8:03
2 - 44% - 40% - 6:21
PK3 Forward
1 - 0% - 60%
2 - 0% - 40%
PK3 Defense
1 - 0% - 60%
2 - 0% - 40%
44 Forward
1 - 0% - 60%
2 - 0% - 40%
44 Defense
1 - 0% - 60%
2 - 0% - 40%
Last Minute Offensive  - 0:00
Last Minute Defensive  - 0:00
Total
Forward - 60:00
Defense - 60:00

Play by Play

1st period


0:01 of 1st period - Daniel Carcillo wins face-off versus Cedric Paquette in neutral zone.
0:01 of 1st period - Daniel Carcillo is hit by Joel Edmundson.
0:52 of 1st period - Zack Stortini is hit by Joel Edmundson and loses puck.
2:06 of 1st period - Calle Jarnkrok is hit by Rob Flick and loses puck.
2:22 of 1st period - Slapshot by Garret Ross.
2:22 of 1st period - Shot Misses the Net.
2:24 of 1st period - Slapshot by Oscar Klefbom.
2:24 of 1st period - Shot Misses the Net.
2:26 of 1st period - Snap shot by Greg McKegg.
2:26 of 1st period - Stopped by Matt Hackett with a rebound.
2:28 of 1st period - Slapshot by Oscar Klefbom.
2:28 of 1st period - Stopped by Matt Hackett with a rebound.
2:30 of 1st period - Slapshot by Oscar Klefbom.
2:30 of 1st period - Shot Misses the Net.
3:50 of 1st period - Wrist shot by Johan Sundstrom.
3:50 of 1st period - Shot Misses the Net.
3:57 of 1st period - Wrist shot by Matt Puempel.
3:57 of 1st period - Stopped by Sam Brittain with a rebound.
4:03 of 1st period - Minor Penalty to Brady Austin for Roughing.
4:04 of 1st period - Cedric Paquette wins face-off versus Anthony Duclair in Moose zone.
4:15 of 1st period - Snap shot by Daniel Carcillo.
4:15 of 1st period - Shot Blocked by Cedric Paquette.
4:27 of 1st period - Colin Smith is hit by Keith Aulie and loses puck.
5:03 of 1st period - Keith Aulie is hit by Greg McKegg and loses puck.
5:33 of 1st period - Icing by Zack Stortini.
5:34 of 1st period - Daniel Carcillo wins face-off versus Colin Smith in Pirates zone.
5:55 of 1st period - Snap shot by Dylan Blujus.
5:55 of 1st period - Shot Misses the Net.
6:03 of 1st period - Penalty to Brady Austin is over, Brady Austin is back on ice.
6:09 of 1st period - Snap shot by Greg McKegg.
6:09 of 1st period - Stopped by Matt Hackett with a rebound.
6:11 of 1st period - Slapshot by Brady Austin.
6:11 of 1st period - Stopped by Matt Hackett without a rebound.
6:12 of 1st period - Rob Flick wins face-off versus Zack Stortini in Pirates zone.
6:51 of 1st period - Wrist shot by Martin Frk.
6:51 of 1st period - Stopped by Sam Brittain without a rebound.
6:52 of 1st period - Greg McKegg wins face-off versus Danny Kristo in Moose zone.
7:14 of 1st period - Wrist shot by Colin Smith.
7:14 of 1st period - Shot Misses the Net.
7:55 of 1st period - Henrik Samuelsson is hit by Rob Flick.
8:05 of 1st period - Snap shot by Daniel Carcillo.
8:05 of 1st period - Stopped by Sam Brittain with a rebound.
9:20 of 1st period - Greg McKegg is hit by Keith Aulie and loses puck.
9:38 of 1st period - Slapshot by Joel Edmundson.
9:38 of 1st period - Shot Misses the Net.
10:48 of 1st period - Wrist shot by Ryan Malone.
10:48 of 1st period - Shot Misses the Net.
10:50 of 1st period - Wrist shot by Ryan Malone.
10:50 of 1st period - Stopped by Matt Hackett with a rebound.
11:09 of 1st period - Andrey Pedan is hit by Corey Cowick and loses puck.
11:10 of 1st period - Andrey Pedan from Pirates is injured at 11:10 of 1st period (Chest/Ribs).
11:11 of 1st period - Cedric Paquette wins face-off versus Daniel Carcillo in Pirates zone.
11:48 of 1st period - Keith Aulie is hit by Cedric Paquette and loses puck.
12:24 of 1st period - Matt Puempel is hit by Greg McKegg and loses puck.
12:35 of 1st period - Slapshot by Matt Puempel.
12:35 of 1st period - Shot Blocked by Daniil Tarasov.
12:37 of 1st period - Snap shot by Matt Puempel.
12:37 of 1st period - Shot Blocked by Daniil Tarasov.
12:43 of 1st period - Minor Penalty to Rasmus Rissanen for Holding.
12:44 of 1st period - Cedric Paquette wins face-off versus Anthony Duclair in Moose zone.
13:49 of 1st period - Wrist shot by Calle Jarnkrok.
13:49 of 1st period - Shot Misses the Net.
13:51 of 1st period - Snap shot by Calle Jarnkrok.
13:51 of 1st period - Shot Misses the Net.
14:09 of 1st period - Snap shot by Matt Puempel.
14:09 of 1st period - Shot Blocked by Ryan Malone.
14:11 of 1st period - Snap shot by Danny Kristo.
14:11 of 1st period - Stopped by Sam Brittain with a rebound.
14:13 of 1st period - Wrist shot by Daniel Carcillo.
14:13 of 1st period - Stopped by Sam Brittain without a rebound.
14:14 of 1st period - Danny Kristo wins face-off versus Cedric Paquette in Moose zone.
14:43 of 1st period - Penalty to Rasmus Rissanen is over, Rasmus Rissanen is back on ice.
14:46 of 1st period - Dylan Blujus is hit by Matt Puempel and loses puck.
15:20 of 1st period - Dylan Blujus is hit by Zack Stortini and loses puck.
15:36 of 1st period - Oscar Klefbom is hit by Will O'Neill and loses puck.
16:10 of 1st period - Slapshot by Ryan Malone.
16:10 of 1st period - Shot Blocked by Steve Spinell.
17:04 of 1st period - Ryan Malone is hit by Will O'Neill and loses puck.
18:04 of 1st period - Off-side.
18:05 of 1st period - Colin Smith wins face-off versus Zack Stortini in neutral zone.
18:22 of 1st period - Matt Puempel is hit by Ryan Hartman and loses puck.
19:38 of 1st period - Slapshot by Colin Smith.
19:38 of 1st period - Stopped by Matt Hackett without a rebound.
19:39 of 1st period - Colin Smith wins face-off versus Henrik Samuelsson in Pirates zone.
19:48 of 1st period - Snap shot by Colin Smith.
19:48 of 1st period - Shot Misses the Net.
19:50 of 1st period - Wrist shot by Oscar Klefbom.
19:50 of 1st period - Shot Hit the Post.
19:52 of 1st period - Backhand shot by Oscar Klefbom.
19:52 of 1st period - Deflect By Henrik Samuelsson.
19:52 of 1st period - Stopped by Matt Hackett with a rebound.
Goals for this period are 0 for Pirates vs 0 for Moose.
Shots for this period are 5 for Pirates vs 7 for Moose.

2nd period


0:01 of 2nd period - Daniel Carcillo wins face-off versus Cedric Paquette in neutral zone.
0:27 of 2nd period - Slapshot by Colin Smith.
0:27 of 2nd period - Stopped by Matt Hackett without a rebound.
0:28 of 2nd period - Zack Stortini wins face-off versus Greg McKegg in Pirates zone.
0:39 of 2nd period - Brady Austin is hit by Keith Aulie and loses puck.
0:46 of 2nd period - Daniil Tarasov is hit by Keith Aulie and loses puck.
1:33 of 2nd period - Anthony Duclair is hit by Cedric Paquette and loses puck.
1:50 of 2nd period - Snap shot by Colin Smith.
1:50 of 2nd period - Stopped by Matt Hackett with a rebound.
1:52 of 2nd period - Slapshot by Joel Edmundson.
1:52 of 2nd period - Stopped by Matt Hackett without a rebound.
1:53 of 2nd period - Michael Schumacher wins face-off versus Johan Sundstrom in Pirates zone.
2:00 of 2nd period - Cedric Paquette is hit by Johan Sundstrom.
2:04 of 2nd period - Wrist shot by Calle Jarnkrok.
2:04 of 2nd period - Stopped by Sam Brittain with a rebound.
2:06 of 2nd period - Snap shot by Calle Jarnkrok.
2:06 of 2nd period - Stopped by Sam Brittain with a rebound.
2:38 of 2nd period - Keith Aulie is hit by Greg McKegg and loses puck.
3:49 of 2nd period - Off-side.
3:50 of 2nd period - Rob Flick wins face-off versus Daniel Carcillo in neutral zone.
4:18 of 2nd period - Icing by Steve Spinell.
4:19 of 2nd period - Colin Smith wins face-off versus Martin Frk in Pirates zone.
4:21 of 2nd period - Michael Schumacher and Steve Spinell fight to a draw.
4:21 of 2nd period - Penalty to Michael Schumacher for Fighting.
4:21 of 2nd period - Penalty to Steve Spinell for Fighting.
4:21 of 2nd period - Penalty to Michael Schumacher for instigated a fight.
4:21 of 2nd period - Penalty to Michael Schumacher for instigated a fight.
4:22 of 2nd period - Anthony Duclair wins face-off versus Cedric Paquette in Pirates zone.
4:29 of 2nd period - Snap shot by Calle Jarnkrok.
4:29 of 2nd period - Shot Misses the Net.
4:31 of 2nd period - Slapshot by Keith Aulie.
4:31 of 2nd period - Deflect By Calle Jarnkrok.
4:31 of 2nd period - Shot Blocked by Cedric Paquette.
4:31 of 2nd period - Puck is out of play.
4:32 of 2nd period - Cedric Paquette wins face-off versus Johan Sundstrom in Moose zone.
4:41 of 2nd period - Cedric Paquette is hit by Reid McNeill and loses puck.
4:46 of 2nd period - Snap shot by Anthony Duclair.
4:46 of 2nd period - Shot Blocked by Rasmus Rissanen.
5:23 of 2nd period - Snap shot by Johan Sundstrom.
5:23 of 2nd period - Deflect By Anthony Duclair.
5:23 of 2nd period - Stopped by Sam Brittain with a rebound.
5:25 of 2nd period - Wrist shot by Daniel Carcillo.
5:25 of 2nd period - Stopped by Sam Brittain without a rebound.
5:26 of 2nd period - Cedric Paquette wins face-off versus Anthony Duclair in Moose zone.
5:26 of 2nd period - Cedric Paquette is hit by Anthony Duclair.
6:14 of 2nd period - Reid McNeill is hit by Ryan Malone and loses puck.
6:21 of 2nd period - Penalty to Michael Schumacher is over, Colin Smith is send on ice.
6:53 of 2nd period - Icing by Will O'Neill.
6:54 of 2nd period - Zack Stortini wins face-off versus Ryan Rupert in Pirates zone.
6:54 of 2nd period - Zack Stortini is hit by Cedric Paquette.
7:18 of 2nd period - Snap shot by Anthony Duclair.
7:18 of 2nd period - Goal by Anthony Duclair - Pirates : 1 - Moose : 0.
7:19 of 2nd period - Greg McKegg wins face-off versus Zack Stortini in neutral zone.
7:33 of 2nd period - Wrist shot by Danny Kristo.
7:33 of 2nd period - Stopped by Sam Brittain with a rebound.
7:35 of 2nd period - Slapshot by Will O'Neill.
7:35 of 2nd period - Deflect By Matt Puempel.
7:35 of 2nd period - Stopped by Sam Brittain without a rebound.
7:36 of 2nd period - Greg McKegg wins face-off versus Zack Stortini in Moose zone.
8:17 of 2nd period - Calle Jarnkrok is hit by Colin Smith and loses puck.
8:32 of 2nd period - Icing by Anthony Duclair.
8:33 of 2nd period - Ryan Rupert wins face-off versus Daniel Carcillo in Pirates zone.
10:37 of 2nd period - Garret Ross is hit by Steve Spinell and loses puck.
12:01 of 2nd period - Brady Austin beats up Henrik Samuelsson.
12:01 of 2nd period - Penalty to Brady Austin for Fighting.
12:01 of 2nd period - Penalty to Henrik Samuelsson for Fighting.
12:02 of 2nd period - Rob Flick wins face-off versus Danny Kristo in Moose zone.
14:10 of 2nd period - Wrist shot by Greg McKegg.
14:10 of 2nd period - Stopped by Matt Hackett with a rebound.
14:44 of 2nd period - Joel Edmundson is hit by Keith Aulie and loses puck.
14:51 of 2nd period - Will O'Neill is hit by Rasmus Rissanen and loses puck.
15:16 of 2nd period - Snap shot by Kerby Rychel.
15:16 of 2nd period - Deflect By Johan Sundstrom.
15:16 of 2nd period - Shot Misses the Net.
15:16 of 2nd period - Puck is out of play.
15:17 of 2nd period - Johan Sundstrom wins face-off versus Ryan Hartman in Moose zone.
15:50 of 2nd period - Snap shot by Cedric Paquette.
15:50 of 2nd period - Stopped by Matt Hackett without a rebound.
15:51 of 2nd period - Rob Flick wins face-off versus Zack Stortini in Pirates zone.
15:52 of 2nd period - Snap shot by Cedric Paquette.
15:52 of 2nd period - Shot Misses the Net.
16:08 of 2nd period - Snap shot by Danny Kristo.
16:08 of 2nd period - Deflect By Matt Puempel.
16:08 of 2nd period - Stopped by Sam Brittain with a rebound.
16:10 of 2nd period - Wrist shot by Zack Stortini.
16:10 of 2nd period - Stopped by Sam Brittain with a rebound.
16:57 of 2nd period - Anthony Duclair is hit by Greg McKegg and loses puck.
17:23 of 2nd period - Slapshot by Henrik Samuelsson.
17:23 of 2nd period - Stopped by Sam Brittain with a rebound.
17:37 of 2nd period - Slapshot by Ryan Hartman.
17:37 of 2nd period - Shot Misses the Net.
17:43 of 2nd period - Colin Smith is hit by C.J. Ludwig.
19:07 of 2nd period - Minor Penalty to Ryan Hartman for Roughing.
19:08 of 2nd period - Cedric Paquette wins face-off versus Anthony Duclair in Moose zone.
19:21 of 2nd period - 10 Minutes Misconduct Penalty to Michael Schumacher is over.
19:43 of 2nd period - Slapshot by Kerby Rychel.
19:43 of 2nd period - Shot Misses the Net.
19:45 of 2nd period - Wrist shot by Anthony Duclair.
19:45 of 2nd period - Goal by Anthony Duclair - Pirates : 2 - Moose : 0.
19:46 of 2nd period - Ryan Malone wins face-off versus Danny Kristo in neutral zone.
19:49 of 2nd period - Keith Aulie is hit by Ryan Malone and loses puck.
Goals for this period are 2 for Pirates vs 0 for Moose.
Shots for this period are 11 for Pirates vs 5 for Moose.

3rd period


0:01 of 3rd period - Daniel Carcillo wins face-off versus Cedric Paquette in neutral zone.
0:04 of 3rd period - Cedric Paquette is hit by Daniel Carcillo and loses puck.
0:56 of 3rd period - Rasmus Rissanen is hit by Keith Aulie and loses puck.
1:08 of 3rd period - Greg McKegg is hit by Keith Aulie and loses puck.
1:13 of 3rd period - Snap shot by Danny Kristo.
1:13 of 3rd period - Stopped by Sam Brittain without a rebound.
1:14 of 3rd period - Johan Sundstrom wins face-off versus Colin Smith in Moose zone.
1:23 of 3rd period - Snap shot by Calle Jarnkrok.
1:23 of 3rd period - Shot Blocked by Dylan Blujus.
1:34 of 3rd period - Slapshot by Oscar Klefbom.
1:34 of 3rd period - Shot Misses the Net.
1:36 of 3rd period - Snap shot by Colin Smith.
1:36 of 3rd period - Shot Misses the Net.
1:54 of 3rd period - Snap shot by Garret Ross.
1:54 of 3rd period - Shot Misses the Net.
3:19 of 3rd period - Keith Aulie is hit by Michael Schumacher and loses puck.
4:08 of 3rd period - Daniil Tarasov is hit by Matt Puempel and loses puck.
5:38 of 3rd period - Minor Penalty to C.J. Ludwig for Slashing.
5:39 of 3rd period - Matt Puempel wins face-off versus Greg McKegg in Pirates zone.
6:22 of 3rd period - Wrist shot by Steve Spinell.
6:22 of 3rd period - Shot Blocked by Brady Austin.
6:34 of 3rd period - Johan Sundstrom is hit by Daniil Tarasov and loses puck.
7:38 of 3rd period - Penalty to C.J. Ludwig is over, C.J. Ludwig is back on ice.
7:45 of 3rd period - Icing by Anthony Duclair.
7:46 of 3rd period - Rob Flick wins face-off versus Calle Jarnkrok in Pirates zone.
7:50 of 3rd period - Minor Penalty to Ryan Hartman for Hooking.
7:51 of 3rd period - Daniel Carcillo wins face-off versus Rob Flick in Moose zone.
8:28 of 3rd period - Slapshot by Anthony Duclair.
8:28 of 3rd period - Shot Blocked by Rasmus Rissanen.
8:56 of 3rd period - Matt Puempel is hit by Rob Flick and loses puck.
9:50 of 3rd period - Penalty to Ryan Hartman is over, Ryan Hartman is back on ice.
10:07 of 3rd period - Wrist shot by Martin Frk.
10:07 of 3rd period - Shot Blocked by Rasmus Rissanen.
11:36 of 3rd period - Slapshot by Oscar Klefbom.
11:36 of 3rd period - Shot Blocked by Zack Stortini.
11:38 of 3rd period - Snap shot by Oscar Klefbom.
11:38 of 3rd period - Deflect By Greg McKegg.
11:38 of 3rd period - Shot Misses the Net.
11:38 of 3rd period - Puck is out of play.
11:39 of 3rd period - Greg McKegg wins face-off versus Zack Stortini in Pirates zone.
12:11 of 3rd period - Minor Penalty to Scott Mayfield for High sticking.
12:12 of 3rd period - Calle Jarnkrok wins face-off versus Cedric Paquette in Moose zone.
12:12 of 3rd period - Snap shot by Anthony Duclair.
12:12 of 3rd period - Shot Misses the Net.
12:14 of 3rd period - Snap shot by Anthony Duclair.
12:14 of 3rd period - Shot Blocked by Brady Austin.
12:16 of 3rd period - Snap shot by Keith Aulie.
12:16 of 3rd period - Deflect By Anthony Duclair.
12:16 of 3rd period - Shot Misses the Net.
12:16 of 3rd period - Puck is out of play.
12:17 of 3rd period - Cedric Paquette wins face-off versus Anthony Duclair in Moose zone.
13:04 of 3rd period - Wrist shot by Ryan Malone.
13:04 of 3rd period - Shot Blocked by Matt Puempel.
13:10 of 3rd period - Brady Austin is hit by Keith Aulie and loses puck.
13:27 of 3rd period - Slapshot by Will O'Neill.
13:27 of 3rd period - Stopped by Sam Brittain without a rebound.
13:28 of 3rd period - Cedric Paquette wins face-off versus Henrik Samuelsson in Moose zone.
13:59 of 3rd period - Wrist shot by Colin Smith.
13:59 of 3rd period - Stopped by Matt Hackett without a rebound.
14:00 of 3rd period - Colin Smith wins face-off versus Daniel Carcillo in Pirates zone.
14:11 of 3rd period - Penalty to Scott Mayfield is over, Scott Mayfield is back on ice.
15:29 of 3rd period - Minor Penalty to Greg McKegg for Hooking.
15:30 of 3rd period - Cedric Paquette wins face-off versus Anthony Duclair in Moose zone.
15:43 of 3rd period - Snap shot by Garret Ross.
15:43 of 3rd period - Goal by Garret Ross - Pirates : 2 - Moose : 1.
15:44 of 3rd period - Cedric Paquette wins face-off versus Anthony Duclair in neutral zone.
15:57 of 3rd period - Slapshot by Cedric Paquette.
15:57 of 3rd period - Shot Misses the Net.
15:59 of 3rd period - Snap shot by Cedric Paquette.
15:59 of 3rd period - Shot Misses the Net.
16:01 of 3rd period - Slapshot by Rasmus Rissanen.
16:01 of 3rd period - Shot Misses the Net.
16:03 of 3rd period - Wrist shot by Cedric Paquette.
16:03 of 3rd period - Shot Misses the Net.
16:29 of 3rd period - Snap shot by Daniel Carcillo.
16:29 of 3rd period - Deflect By Danny Kristo.
16:29 of 3rd period - Shot Blocked by Joel Edmundson.
16:29 of 3rd period - Puck is out of play.
16:30 of 3rd period - Daniel Carcillo wins face-off versus Cedric Paquette in Moose zone.
16:52 of 3rd period - Cedric Paquette is hit by Danny Kristo.
17:28 of 3rd period - Colin Smith is hit by Keith Aulie and loses puck.
17:29 of 3rd period - Penalty to Greg McKegg is over, Greg McKegg is back on ice.
17:57 of 3rd period - Snap shot by Matt Puempel.
17:57 of 3rd period - Deflect By Greg McKegg.
17:57 of 3rd period - Shot Misses the Net.
17:57 of 3rd period - Puck is out of play.
17:58 of 3rd period - Zack Stortini wins face-off versus Greg McKegg in Moose zone.
18:07 of 3rd period - Minor Penalty to Garret Ross for Boarding.
18:08 of 3rd period - Cedric Paquette wins face-off versus Johan Sundstrom in Moose zone.
18:23 of 3rd period - Joel Edmundson is hit by Will O'Neill and loses puck.
19:14 of 3rd period - Snap shot by Ryan Malone.
19:14 of 3rd period - Shot Misses the Net.
19:16 of 3rd period - Slapshot by Scott Mayfield.
19:16 of 3rd period - Shot Misses the Net.
19:18 of 3rd period - Slapshot by Brady Austin.
19:18 of 3rd period - Stopped by Matt Hackett with a rebound.
19:20 of 3rd period - Snap shot by Greg McKegg.
19:20 of 3rd period - Stopped by Matt Hackett with a rebound.
19:22 of 3rd period - Slapshot by Scott Mayfield.
19:22 of 3rd period - Shot Blocked by Calle Jarnkrok.
19:24 of 3rd period - Snap shot by Scott Mayfield.
19:24 of 3rd period - Stopped by Matt Hackett with a rebound.
19:26 of 3rd period - Snap shot by Ryan Malone.
19:26 of 3rd period - Stopped by Matt Hackett without a rebound.
19:27 of 3rd period - Chris Taylor call a timeout for Moose.
19:27 of 3rd period - Cedric Paquette wins face-off versus Daniel Carcillo in Pirates zone.
Goals for this period are 0 for Pirates vs 1 for Moose.
Shots for this period are 2 for Pirates vs 6 for Moose.